Unix NetHack Version 5.0.0-0 post-release - last build Jun 10 2026 00:39:30 (3ee93aec679c4c4259841fe613dc97188e26a321,branch:main).

Game began 2026-06-18 10:27:40, ended 2026-06-18 10:33:20.

FutureTim, lawful female human Valkyrie

                      -------
                      |......##
                     #......| #
                     #|.....| #
                 #####|.....| ###
     -------    ##    -------  ##
     |.....|   ##               ###   #
     |.....-####                  #####
     |...>.|                          #
     |......#####                     #
     |.....|    ###                ####
     -------      ###############  #-------.------
                                ##Z@|............|    ---.-
                                   Z.............|    |...|
                                   #|............|   #|..<.
                                   #.$Z..Z$.......####....|
                                    |.Z..........|    |...|
                                    --------------    -----

FutureTim the Stripling     St:14 Dx:14 Co:18 In:8 Wi:10 Ch:11  Lawful
Dlvl:3  $:32 HP:0(16) Pw:2(2) AC:6  Xp:1 T:593 

Latest messages:
 You see here 2 food rations.
 You learn more about your items by comparing them.
 d - 2 uncursed food rations (5 in total).
 Double run prefix, canceled.
 You swap places with your little dog.
 You hear a chugging sound.
 "Velkommen, FutureTim!  Welcome to Malasgirt's used armor dealership!"
 You see here a scale mail (for sale, 45 zorkmids).
 You see here a scale mail (for sale, 45 zorkmids).
 You see here a piece of cloth (for sale, 67 zorkmids).
 You see here a scale mail (for sale, 45 zorkmids).
 You do not owe Malasgirt anything.
 You swap places with your little dog.
 You descend the stairs.
 You see here 10 gold pieces.
 $ - 10 gold pieces (28 in total).
 You find a hidden door.
 The door resists!
 The door opens.
 You see here 4 gold pieces.
 $ - 4 gold pieces (32 in total).
 You hear some noises in the distance.
 You see here a scroll labeled LOREM IPSUM.
 k - a scroll labeled LOREM IPSUM.
 What do you want to read? [fk or ?*] k
 As you read the scroll, it disappears.
 You feel very greedy.
 (For instructions type a '?')
 Move cursor to gold:
 Call a scroll labeled LOREM IPSUM: sense of gold
 You have a sad feeling for a moment, then it passes.
 You hear some noises in the distance.
 You miss the kobold zombie.
 You miss the kobold zombie.
 You miss the kobold zombie.
 The kobold zombie hits!
 You destroy the kobold zombie!
 The orc zombie hits!
 The orc zombie hits!
 The dwarf zombie hits!
 You miss the dwarf zombie.
 You hit the dwarf zombie.
 The orc zombie hits!
 You die...
 Do you want your possessions identified? [ynq] (y) y
 Do you want to see your attributes? [ynq] (y) y
 Do you want an account of creatures vanquished? [ynaq] (y) y
 Do you want a list of species genocided? [ynq] (y) y
 Do you want to see your conduct and achievements? [ynq] (y) y
 Do you want to see the dungeon overview? [ynq] (y) y

Inventory:
 Coins    ('$')
  $ - 32 gold pieces
 Weapons  (')')
  i - 7 +0 arrows
  b - a +0 dagger (alternate weapon; not wielded)
  a - a +1 spear (weapon in right hand)
 Armor    ('[')
  c - an uncursed +3 small shield (being worn)
 Comestibles  ('%')
  d - 5 uncursed food rations
 Spellbooks  ('+')
  f - an uncursed spellbook of light
 Wands    ('/')
  g - a wand of digging (0:4)

FutureTim the Valkyrie's attributes:

Background:
 You were a Stripling, a level 1 human Valkyrie.
 You were lawful, on a mission for Tyr
 who was opposed by Odin (neutral) and Loki (chaotic).
 You were right-handed.
 You were in the Dungeons of Doom, on level 3.
 You entered the dungeon 593 turns ago.
 You had 8 experience points, 12 more were needed to attain level 2.

Basics:
 You had 0 out of 16 hit points.
 You had both energy points (spell power).
 Your armor class was 6.
 Your wallet contained 32 zorkmids.
 Autopickup was off.

Final Characteristics:
 Your strength was 14 (limit:18/100).
 Your dexterity was 14 (limit:18).
 Your constitution was 18 (limit:18).
 Your intelligence was 8 (limit:18).
 Your wisdom was 10 (limit:18).
 Your charisma was 11 (limit:18).

Final Status:
 You weren't hungry.
 You were unencumbered.
 You were wielding a spear.
 You had basic skill with spear.

Final Attributes:
 You were fervently aligned.
 You were cold resistant.
 You were fast.
 You are dead.

Miscellaneous:
 You didn't encounter any bones levels.
 Total elapsed playing time was 5 minutes and 40 seconds.

Major events:
 Turn
    1: FutureTim the lawful human Valkyrie entered the dungeon
  249: performed her first genocide (displacer beasts)
  593: killed by an orc zombie

Spells:
 Name                 Level Category     Fail Retention
 light                  1   divination    64%  76%-100%

Skills:
 Fighting Skills
   bare handed combat [Unskilled]
   two weapon combat  [Unskilled]
   riding             [Unskilled]
 Weapon Skills
   dagger             [Basic]
   axe                [Unskilled]
   pick-axe           [Unskilled]
   short sword        [Unskilled]
   broadsword         [Unskilled]
   long sword         [Unskilled]
   two-handed sword   [Unskilled]
   saber              [Unskilled]
   hammer             [Unskilled]
   quarterstaff       [Unskilled]
   polearms           [Unskilled]
   spear              [Basic]
   trident            [Unskilled]
   lance              [Unskilled]
   sling              [Unskilled]
 Spellcasting Skills
   attack spells      [Unskilled]
   escape spells      [Unskilled]

Voluntary challenges:
 Character rerolling was not enabled.
 You were an atheist.
 You genocided 1 type of monster.
 You never polymorphed an object.
 You never changed form.
 You used no wishes.
Achievement:
 You entered a shop.

 The Dungeons of Doom: levels 1 to 3
    Level 1:
       A fountain.
    Level 2:
       An armor shop, some fountains.
    Level 3: <- You were here.
       Final resting place for
          you, killed by an orc zombie.


Vanquished creatures:
  a little dog
  2 orc zombies
  a gnome zombie
  a jackal
  a goblin
  a sewer rat
  2 grid bugs
  a lichen
  4 kobold zombies
  4 newts
18 creatures vanquished.

Genocided species:
 displacer beasts
1 species genocided.

Game over:
                       ----------
                      /          \
                     /    REST    \
                    /      IN      \
                   /     PEACE      \
                  /                  \
                  |    FutureTim     |
                  |      32 Au       |
                  | killed by an orc |
                  |      zombie      |
                  |                  |
                  |                  |
                  |       2026       |
                 *|     *  *  *      | *
        _________)/\\_//(\/(/\)/\//\/|_)_______

Farvel FutureTim the Valkyrie...

You died in The Dungeons of Doom on dungeon level 3 with 181 points,
and 32 pieces of gold, after 593 moves.
You were level 1 with a maximum of 16 hit points when you died.

